 Dungeon Sprint DCSS version 0.28.0-43-g3370ac3207 (webtiles) character file.

Game seed: 10368682200403191011

8600000 smarlow the Archmage (level 27, -99/228 HPs)
             Began as a Djinni Warper on Mar 3, 2022.
             Was the Champion of Makhleb.
             Annihilated by The Servant
             ... wielding a +9 glaive of flaming
              (129 damage)
             ... in the Dungeon (Sprint VIII: "Arena of Blood").
             The game lasted 00:08:03 (86 turns).

smarlow the Archmage (Djinni Warper)                  Turns: 86, Time: 00:08:03

Health: -99/228    AC: 12    Str: 20    XL:     27
Gold:   0          EV: 28    Int: 16    God:    Makhleb [******] SH:  0 Dex: 16

rFire   + + .      SeeInvis .   i - +∞ Axe of Woe
rCold   . . .      Faith    .   (shield currently unavailable)
rNeg    + + +      Spirit   .   b - +0 leather armour
rPois   ∞          Reflect  .   (no helmet)
rElec   .          Harm     .   (no cloak)
rCorr   .          Rampage  .   (no gloves)
Will    +++..      NoTele   +   (boots unavailable)
Stlth   +++++++++.              (no amulet)
HPRegen 0.48/turn               (no ring)
MPRegen 0.00/turn               (no ring)

@: lich-form, marked, flying, slowed, very slow
A: draining attack, torment immunity, no potions, flying, sickness immunity,
fire resistance 2, cold vulnerability 1, float, innate caster, HP casting, extra
vitality 1
a: End Transformation, Renounce Religion, Minor Destruction, Lesser Servant of
Makhleb, Major Destruction, Greater Servant of Makhleb


You were in the Dungeon.
You worshipped Makhleb.
Makhleb was exalted by your worship.
You were an undead lich.
You visited 1 branch

Inventory:

Hand Weapons
 a - a +0 hand axe
 i - the +∞ Axe of Woe (weapon)
   (You found it in the Dungeon)
Missiles
 d - 5 boomerangs of dispersal (quivered)
Armour
 b - a +0 leather armour (worn)
Scrolls
 c - 2 scrolls of blinking
Potions
 e - a potion of curing
 f - a potion of heal wounds
 g - a potion of haste
 h - a potion of berserk rage


   Skills:
 O Level 27 Fighting
 O Level 27 Short Blades
 O Level 27 Long Blades
 O Level 27 Axes
 O Level 27 Maces & Flails
 O Level 27 Polearms
 O Level 27 Staves
 O Level 27 Slings
 O Level 27 Bows
 O Level 27 Crossbows
 O Level 27 Throwing
 O Level 27 Armour
 O Level 27 Dodging
 O Level 27 Stealth
 O Level 27 Shields
 O Level 27 Unarmed Combat
 O Level 27 Spellcasting
 O Level 27 Invocations
 O Level 27 Evocations


You couldn't memorise any spells.
You knew the following spells:

 Your Spells              Type           Power      Damage    Failure   Level
a - Blink                 Tloc           100%       N/A       0%          2
b - Lesser Beckoning      Tloc           82%        N/A       0%          3
c - Gell's Gravitas       Tloc           82%        N/A       0%          3
d - Teleport Other        Tloc           82%        N/A       0%          3
e - Manifold Assault      Tloc           82%        N/A       0%          5
f - Summon Small Mammal   Summ           100%       N/A       0%          1
g - Ensorcelled Hibernat  Hex/Ice        100%       N/A       0%          2
h - Conjure Flame         Conj/Fire      82%        6-21      0%          3
i - Petrify               Tmut/Erth      82%        N/A       0%          4
j - Yara's Violent Unrav  Hex/Tmut       41%        3d16      0%          5
k - Borgnjor's Vile Clut  Necr/Erth      52%        N/A       0%          5
l - Dispersal             Tloc           41%        N/A       0%          6
m - Summon Cactus Giant   Summ           41%        N/A       0%          6
n - Simulacrum            Ice/Necr       52%        N/A       0%          6
o - Maxwell's Capacitive  Air            41%        ∞         1%          8
p - Ignition              Fire           41%        3d12      1%          8
q - Necromutation         Tmut/Necr      52%        N/A       1%          8
r - Fire Storm            Conj/Fire      41%        8d10      2%          9
Your spell library was empty.

Dungeon Overview and Level Annotations

Branches:
Dungeon (1/1)

Altars:
Makhleb

Annotations:
D The Servant


Innate Abilities, Weirdness & Mutations

You are an undead lich.
Your unarmed attacks are suffused with negative energy.
You are immune to unholy pain and torment.
Your necromantic spells are more powerful.
You cannot drink.
You are flying.
You are immune to sickness and miasma.
You are immune to poison.
Your flesh is very heat resistant. (rF++)
You are vulnerable to cold. (rC-)
You float through the air rather than walking.
You learn spells naturally, not from books.
Your magical power is your life essence.
You have superior vitality. (+4 MHP)


Message History

You kill the bag of meat!
Makhleb accepts your kill.
You feel better.
You hit the bag of meat.
You fatally mangle the bag of meat.
You kill the bag of meat!
Makhleb accepts your kill.
You feel better.
You slice the bag of meat!!
You fatally mangle the bag of meat.
You kill the bag of meat!
Makhleb accepts your kill.
You feel better.
You hear a shout!
The meat berserker rages.
The accursed casts a spell at you. Something smites you!
The destroyer casts a spell at you.
The destroyer blinks!
The accursed casts a spell at you. Something smites you!
The accursed casts a spell at you. Something smites you!
A meat berserker comes into view. It is wielding a +9 battleaxe.
The accursed points at you and mumbles some strange words.
Something smites you!
The accursed gestures at you while chanting.
Something smites you!
* * * LOW HITPOINT WARNING * * *
An eight-headed meat hydra comes into view.
The meat beast bites you!
* * * LOW HITPOINT WARNING * * *
The meat beast tramples you!
* * * LOW HITPOINT WARNING * * *
You hold your ground!
The bag of meat is engulfed in blazing flames.
A bag of meat comes into view. It is wielding a +9 war axe.
The destroyer gestures at you while chanting.
The destroyer blinks!
You hear a shout!
The Servant hits you from afar with a +9 glaive of flaming!!!!
Ouch! That really hurt!
You die... ................. #......§§........ ..X.#.....☼)))o..... §..o.......)ooo.....
XXX§.....)))2§OD.o.. §ooMo...#))o.M..#...
D.#Xo. #OzoMoM.# O

..ooLo###oV)o§o.###.
.D.X.ooL2WW###......
..§#oOoO)@zoOMo.....
.#..oo°)V#Oozo.#..V.
...Vzo☼o)#2OMo_#....
.#..o.oOV#o.oo.#
...#....oO.O_.....
...o.D..M§.###.o....
..o§..###zO.o ..###.
...... #ooM...M#


You could see 7 accurseds, a tentacled monstrosity (summoned), 2 meat beasts, a
tyrant (fast), The Servant, 3 eight-headed meat hydras, 4 destroyers, 5
sculptors of flesh, 4 large bags of meat, 4 large abominations, 2 dreads, 4 meat
berserkers and 33 bags of meat.

Vanquished Creatures
  Sigmund (D)
  10 hell beasts (D)
  4 royal mummies (D)
  2 wraiths (D)
  18 vampire knights (D)
  60 ogres (D)
  12 two-headed ogres (D)
  8 liches (D)
  3 hydras (D)
  84 orcs (D)
  A phantom (D)
  7 skeletal warriors (D)
210 creatures vanquished.

Notes
Turn   | Place    | Note
-------+----------+-------------------------------------------
     0 | D        | Found the +∞ Axe of Woe
     0 | D        | smarlow the Djinni Warper began the quest for the Orb.
     0 | D        | Reached XP level 1. HP: 18/18 MP: 0/0
     1 | D        | Noticed a meat berserker
     1 | D        | Noticed a bag of meat
     3 | D        | Became a worshipper of Makhleb the Destroyer
     3 | D        | Noticed a meat berserker
     4 | D        | Noticed a bag of meat
     4 | D        | Noticed a bag of meat
     5 | D        | Killed a meat berserker
     5 | D        | Noticed a bag of meat
     5 | D        | Noticed a bag of meat
     6 | D        | Reached skill level 10 in Fighting
     6 | D        | Reached XP level 2. HP: 36/36 MP: 0/0
     6 | D        | Reached XP level 3. HP: 41/41 MP: 0/0
     6 | D        | Learned a level 1 spell: Summon Small Mammal
     6 | D        | Reached XP level 4. HP: 47/47 MP: 0/0
     6 | D        | Reached XP level 5. HP: 52/52 MP: 0/0
     6 | D        | Learned a level 2 spell: Ensorcelled Hibernation
     6 | D        | Reached XP level 6. HP: 58/58 MP: 0/0
     6 | D        | Reached XP level 7. HP: 64/64 MP: 0/0
     6 | D        | Learned a level 3 spell: Conjure Flame
     6 | D        | Reached XP level 8. HP: 69/69 MP: 0/0
     6 | D        | Reached XP level 9. HP: 75/75 MP: 0/0
     6 | D        | Learned a level 4 spell: Petrify
     6 | D        | Reached XP level 10. HP: 81/81 MP: 0/0
     6 | D        | Reached XP level 11. HP: 86/86 MP: 0/0
     6 | D        | Learned a level 5 spell: Yara's Violent Unravelling
     6 | D        | Reached XP level 12. HP: 92/92 MP: 0/0
     6 | D        | Killed a meat berserker
     6 | D        | Reached * piety under Makhleb
     7 | D        | Reached skill level 10 in Axes
     7 | D        | Reached skill level 5 in Armour
     7 | D        | Reached XP level 13. HP: 101/101 MP: 0/0
     7 | D        | Learned a level 5 spell: Borgnjor's Vile Clutch
     7 | D        | Noticed a bag of meat
     7 | D        | Noticed a bag of meat
     7 | D        | Noticed a meat berserker
     7 | D        | Noticed a bag of meat
     8 | D        | Noticed a bag of meat
     8 | D        | Noticed a bag of meat
     9 | D        | Killed a bag of meat
     9 | D        | Noticed a meat berserker
     9 | D        | Noticed a bag of meat
     9 | D        | Noticed a bag of meat
     9 | D        | Noticed a meat berserker
    10 | D        | Reached XP level 14. HP: 76/108 MP: 0/0
    10 | D        | Killed a bag of meat
    10 | D        | Killed a bag of meat
    10 | D        | Reached ** piety under Makhleb
    10 | D        | Noticed a meat berserker
    11 | D        | Killed a bag of meat
    11 | D        | Killed a meat berserker
    11 | D        | Noticed a bag of meat
    11 | D        | Noticed a bag of meat
    11 | D        | Noticed a bag of meat
    11 | D        | Noticed a bag of meat
    11 | D        | Noticed a bag of meat
    12 | D        | Reached skill level 15 in Fighting
    12 | D        | Reached skill level 5 in Throwing
    12 | D        | Reached XP level 15. HP: 71/120 MP: 0/0
    12 | D        | Learned a level 6 spell: Dispersal
    12 | D        | Reached *** piety under Makhleb
    12 | D        | Noticed a meat berserker
    13 | D        | Killed a meat berserker
    13 | D        | Reached **** piety under Makhleb
    13 | D        | Noticed a meat berserker
    14 | D        | Reached skill level 27 in Spellcasting
    14 | D        | Reached XP level 16. HP: 87/135 MP: 0/0
    14 | D        | Noticed a meat berserker
    14 | D        | Killed a meat berserker
    14 | D        | Reached ***** piety under Makhleb
    14 | D        | Killed a meat berserker
    14 | D        | Noticed a meat berserker
    14 | D        | Noticed a meat berserker
    15 | D        | Reached XP level 17. HP: 150/150 MP: 0/0
    15 | D        | Learned a level 6 spell: Summon Cactus Giant
    15 | D        | Killed a meat berserker
    16 | D        | Reached XP level 18. HP: 163/163 MP: 0/0
    16 | D        | Killed a meat berserker
    17 | D        | Noticed a meat berserker
    17 | D        | Noticed a meat berserker
    18 | D        | Reached ****** piety under Makhleb
    18 | D        | Killed a meat berserker
    19 | D        | Reached skill level 27 in Fighting
    19 | D        | Reached skill level 27 in Axes
    19 | D        | Reached skill level 27 in Dodging
    19 | D        | Reached skill level 5 in Stealth
    19 | D        | Reached XP level 19. HP: 174/174 MP: 0/0
    19 | D        | Learned a level 6 spell: Simulacrum
    19 | D        | Noticed a destroyer
    20 | D        | Killed a meat berserker
    20 | D        | Noticed a meat berserker
    21 | D        | Reached XP level 20. HP: 181/181 MP: 0/0
    21 | D        | Killed a meat berserker
    21 | D        | Killed a meat berserker
    22 | D        | Reached skill level 27 in Armour
    22 | D        | Reached XP level 21. HP: 187/187 MP: 0/0
    22 | D        | Learned a level 8 spell: Maxwell's Capacitive Coupling
    22 | D        | Noticed a large bag of meat
    23 | D        | Reached skill level 27 in Stealth
    23 | D        | Killed a meat berserker
    23 | D        | Noticed a meat berserker
    24 | D        | Reached skill level 5 in Short Blades
    24 | D        | Reached skill level 5 in Long Blades
    24 | D        | Reached skill level 5 in Staves
    24 | D        | Reached skill level 5 in Shields
    24 | D        | Reached skill level 5 in Unarmed Combat
    24 | D        | Reached skill level 5 in Invocations
    24 | D        | Reached skill level 5 in Evocations
    24 | D        | Noticed a meat berserker
    24 | D        | Killed a destroyer
    25 | D        | Reached XP level 22. HP: 194/194 MP: 0/0
    25 | D        | Noticed a large bag of meat
    26 | D        | Noticed a large bag of meat
    27 | D        | Killed a large bag of meat
    27 | D        | Killed a meat berserker
    28 | D        | Reached skill level 10 in Maces & Flails
    28 | D        | Reached skill level 10 in Polearms
    28 | D        | Reached skill level 10 in Slings
    28 | D        | Reached skill level 10 in Bows
    28 | D        | Reached skill level 10 in Crossbows
    28 | D        | Reached XP level 23. HP: 190/201 MP: 0/0
    28 | D        | Learned a level 8 spell: Ignition
    29 | D        | Killed a large bag of meat
    31 | D        | Noticed a destroyer
    32 | D        | Noticed a large bag of meat
    32 | D        | Noticed a destroyer
    34 | D        | Killed a destroyer
    35 | D        | Reached skill level 15 in Throwing
    35 | D        | Reached skill level 15 in Evocations
    35 | D        | Reached XP level 24. HP: 208/208 MP: 0/0
    35 | D        | Killed a large bag of meat
    35 | D        | Noticed a destroyer
    37 | D        | Reached skill level 15 in Maces & Flails
    37 | D        | Reached skill level 15 in Polearms
    37 | D        | Reached skill level 15 in Slings
    37 | D        | Reached skill level 15 in Bows
    37 | D        | Reached skill level 15 in Crossbows
    38 | D        | Reached XP level 25. HP: 206/214 MP: 0/0
    38 | D        | Learned a level 8 spell: Necromutation
    38 | D        | Noticed a large bag of meat
    40 | D        | Killed a destroyer
    41 | D        | Noticed a large bag of meat
    43 | D        | Killed a large bag of meat
    44 | D        | Reached XP level 26. HP: 129/221 MP: 0/0
    44 | D        | Noticed a large bag of meat
    44 | D        | Killed a large bag of meat
    44 | D        | Noticed a destroyer
    45 | D        | Noticed a destroyer
    46 | D        | Noticed a tyrant
    46 | D        | Noticed a large bag of meat
    46 | D        | Noticed an accursed
    47 | D        | Noticed a large bag of meat
    48 | D        | Noticed a destroyer
    49 | D        | Noticed a large bag of meat
    49 | D        | Noticed a tyrant
    49 | D        | Noticed a destroyer
    49 | D        | Noticed a large bag of meat
    51 | D        | Killed a large bag of meat
    53 | D        | Noticed an accursed
    53 | D        | Killed a destroyer
    53 | D        | Killed a destroyer
    54 | D        | Reached XP level 27. HP: 225/228 MP: 0/0
    54 | D        | Learned a level 9 spell: Fire Storm
    54 | D        | Killed a destroyer
    54 | D        | Noticed an accursed
    55 | D        | Noticed a tyrant
    55 | D        | Killed a tyrant
    56 | D        | Noticed The Captor
    57 | D        | Killed a large bag of meat
    57 | D        | Killed a large bag of meat
    59 | D        | Killed a tyrant
    59 | D        | Killed a large bag of meat
    59 | D        | Noticed a destroyer
    60 | D        | Killed a destroyer
    60 | D        | Killed a large bag of meat
    61 | D        | Noticed a meat beast
    61 | D        | Noticed a tyrant
    61 | D        | Noticed a meat beast
    62 | D        | Reached skill level 27 in Shields
    62 | D        | Reached skill level 27 in Unarmed Combat
    62 | D        | Reached skill level 27 in Invocations
    62 | D        | Reached skill level 27 in Evocations
    62 | D        | Killed a large bag of meat
    62 | D        | Noticed a large bag of meat
    63 | D        | Reached skill level 27 in Short Blades
    63 | D        | Reached skill level 27 in Long Blades
    63 | D        | Reached skill level 27 in Staves
    63 | D        | Noticed a meat beast
    63 | D        | Noticed a destroyer
    63 | D        | Noticed a tyrant
    64 | D        | Killed a tyrant
    64 | D        | Killed The Captor
    64 | D        | Killed a destroyer
    64 | D        | Noticed a meat beast
    64 | D        | Noticed an accursed
    64 | D        | Noticed a destroyer
    64 | D        | Noticed an accursed
    65 | D        | Reached skill level 27 in Maces & Flails
    65 | D        | Reached skill level 27 in Polearms
    65 | D        | Reached skill level 27 in Slings
    65 | D        | Reached skill level 27 in Bows
    65 | D        | Reached skill level 27 in Crossbows
    65 | D        | Reached skill level 27 in Throwing
    65 | D        | Noticed a meat beast
    65 | D        | Killed a destroyer
    65 | D        | Noticed a tyrant
    66 | D        | Noticed a destroyer
    66 | D        | Noticed a destroyer
    66 | D        | Noticed an accursed
    67 | D        | Killed a meat beast
    67 | D        | Killed an accursed
    67 | D        | Noticed a destroyer
    67 | D        | Noticed a meat beast
    67 | D        | Noticed a tyrant
    67 | D        | Noticed a large bag of meat
    68 | D        | Killed a meat beast
    68 | D        | Killed a meat beast
    68 | D        | Killed an accursed
    69 | D        | Noticed a dread
    69 | D        | Killed a meat beast
    69 | D        | Killed an accursed
    69 | D        | Killed a meat beast
    69 | D        | Killed a meat beast
    69 | D        | Noticed a tyrant
    69 | D        | Noticed a dread
    69 | D        | Noticed a meat beast
    69 | D        | Noticed an accursed
    70 | D        | Killed a tyrant
    70 | D        | Killed a destroyer
    71 | D        | Killed a destroyer
    71 | D        | HP: 10/228 [tyrant/the air (54)]
    71 | D        | Noticed a tyrant
    72 | D        | Killed an accursed
    72 | D        | Noticed a destroyer
    72 | D        | Noticed a dread
    73 | D        | Killed a destroyer
    73 | D        | Noticed a meat beast
    74 | D        | Killed a meat beast
    74 | D        | Noticed a tyrant
    75 | D        | Killed a tyrant
    75 | D        | Noticed a meat beast
    75 | D        | Noticed a large bag of meat
    76 | D        | Killed a dread
    76 | D        | Noticed a meat beast
    76 | D        | Noticed a destroyer
    76 | D        | Noticed a destroyer
    77 | D        | Killed a meat beast
    77 | D        | Noticed The Servant
    77 | D        | Noticed a destroyer
    78 | D        | Killed a large bag of meat
    78 | D        | Killed a tyrant
    78 | D        | Noticed an accursed
    79 | D        | Killed a dread
    79 | D        | Noticed a dread
    80 | D        | Killed a destroyer
    80 | D        | Noticed a destroyer
    80 | D        | Noticed an accursed
    80 | D        | Noticed a destroyer
    81 | D        | Killed a tyrant
    81 | D        | Killed a destroyer
    81 | D        | Killed a meat beast
    81 | D        | Noticed a large bag of meat
    81 | D        | Noticed an accursed
    81 | D        | Noticed an accursed
    82 | D        | Killed a destroyer
    82 | D        | Noticed a dread
    82 | D        | Noticed a destroyer
    82 | D        | Noticed a meat beast
    82 | D        | Noticed an accursed
    82 | D        | Noticed a destroyer
    83 | D        | Killed a destroyer
    83 | D        | Killed a meat beast
    84 | D        | Killed a destroyer
    84 | D        | Noticed a meat beast
    85 | D        | Noticed a meat beast
    85 | D        | HP: 8/228 [accursed/divine providence (12)]
    86 | D        | Noticed an accursed
    86 | D        | Noticed a large bag of meat
    86 | D        | Killed a destroyer
    86 | D        | Killed a tyrant
    86 | D        | Annihilated by The Servant

Illustrated notes

Levels and vault maps discovered:
D:        meatsprint

Skill      XL: |  1  2  3  4  5  6  7  8  9 10 11 12 13 14 15 16 17 18 19 20 21 22 23 24 25 26 27 |
---------------+----------------------------------------------------------------------------------+-----
Fighting       | 10 12 15 19 23 25 27 | 27.0
Axes           | 8 10 13 17 22 25 27 | 27.0
Throwing       | 3 4 5 6 7 11 12 15 17 19 21 27 | 27.0
Armour         | 4 5 6 8 9 17 26 27 | 27.0
Dodging        | 11 13 16 18 21 22 27 | 27.0
Spellcasting   | 18 21 22 25 27 | 27.0
Stealth        | 5 16 25 27 | 27.0
Short Blades   | 8 11 14 17 19 22 27 | 27.0
Long Blades    | 8 11 14 17 19 22 27 | 27.0
Maces & Flails | 8 10 13 15 18 20 27 | 27.0
Polearms       | 8 10 13 15 18 20 27 | 27.0
Staves         | 8 11 14 17 19 22 27 | 27.0
Slings         | 8 10 13 15 18 20 27 | 27.0
Bows           | 8 10 13 15 18 20 27 | 27.0
Crossbows      | 8 10 13 15 18 20 27 | 27.0
Shields        | 8 11 14 17 19 22 27 | 27.0
Unarmed Combat | 8 11 14 17 19 22 27 | 27.0
Invocations    | 8 11 14 17 19 22 27 | 27.0
Evocations     | 8 11 15 17 19 22 27 | 27.0

Action                   |  1- 3 |  4- 6 |  7- 9 | 10-12 | 13-15 | 16-18 | 19-21 | 22-24 | 25-27 || total
-------------------------+-------+-------+-------+-------+-------+-------+-------+-------+-------++-------
Melee: Executioner's axe |     1 |       |       |     1 |     5 |     4 |     6 |     9 |    43 ||    69
 Cast: Ignition          |       |       |       |       |       |       |       |     1 |     1 ||     2
       Necromutation     |       |       |       |       |       |       |       |       |     1 ||     1
       Blink             |       |       |       |       |       |       |       |       |     1 ||     1
Armor: Leather armour    |       |       |       |       |       |       |       |       |     1 ||     1
Dodge: Dodged            |       |       |       |       |     1 |       |       |     1 |    12 ||    14
